 Dungeon Crawl Stone Soup version 0.18.1-50-g88ac8fd (webtiles) character file.

74 magog001 the Shield-Bearer (level 4, -2/40 HPs)
             Began as a Minotaur Fighter on Jan 24, 2017.
             Killed from afar by a white imp (8 damage)
             ... with a puff of frost
             ... summoned by Natasha
             ... on level 2 of the Dungeon.
             The game lasted 00:09:29 (1015 turns).

magog001 the Shield-Bearer (Minotaur Fighter)       Turns: 1015, Time: 00:09:29

Health: -2/40      AC: 10    Str: 22    XL:     4   Next: 10%
Magic:  3/3        EV:  8    Int:  5    God:
Gold:   69         SH:  9    Dex:  9    Spells: 0 memorised, 3 levels left

rFire  . . .     SeeInvis .     a - +0 war axe
rCold  . . .     Gourm    .     b - +0 scale mail
rNeg   . . .     Faith    .     c - +0 shield
rPois  .         Spirit   .     (helmet restricted)
rElec  .         Dismiss  .     (no cloak)
rCorr  .         Reflect  .     l - +2 pair of gloves
SustAt .         Harm     .     (no boots)
MR     .....                    t - amulet of inaccuracy (curse)
Stlth  ..........               (no ring)
                                (no ring)

@: slowed, very slow, not resistant to hostile enchantments, extremely
unstealthy
A: retaliatory headbutt, horns 2
a: no special abilities


You were on level 2 of the Dungeon.
You were not hungry.

You visited 1 branch of the dungeon, and saw 2 of its levels.

You collected 69 gold pieces.

Inventory:

Hand Weapons
 a - a +0 war axe (weapon)
Armour
 b - a +0 scale mail (worn)
 c - a +0 shield (worn)
 g - a +0 chain mail
 j - a +0 plate armour
 l - a +2 pair of gloves (worn)
 v - a +0 cloak
Jewellery
 t - a cursed amulet of inaccuracy (around neck)
Scrolls
 h - 2 scrolls of teleportation
 m - 3 scrolls of identify {unknown}
 n - 2 scrolls of remove curse {unknown}
 o - a scroll of magic mapping {unknown}
 q - a scroll of recharging {unknown}
 s - a scroll of enchant weapon {unknown}
Potions
 d - 3 potions of might
 e - 2 potions of curing {unknown}
 k - a potion of agility {unknown}
 p - a potion of brilliance {unknown}
 r - a potion of cancellation {unknown}
 u - a potion of degeneration {unknown}
Comestibles
 f - 2 bread rations
 i - 7 chunks of flesh


   Skills:
 + Level 4.2 Fighting
 + Level 3.1 Axes
 + Level 4.0 Armour
 + Level 1.5 Dodging
 + Level 4.4 Shields


You had 3 spell levels left.
You didn't know any spells.

Dungeon Overview and Level Annotations

Branches:
Dungeon (2/15)

Altars:

Annotations:
D:2 Natasha


Innate Abilities, Weirdness & Mutations

You reflexively headbutt those who attack you in melee.
You have a pair of horns on your head.


Message History

The crimson imp hits you but does no damage.
You block the white imp's attack.
You barely miss Natasha. Your headbutt misses Natasha.
Natasha is lightly wounded.
You closely miss the white imp.
The white imp is heavily wounded.
You closely miss the crimson imp. Natasha claws you.
The crimson imp closely misses you. You furiously retaliate!
You headbutt the crimson imp. The white imp gestures at you.
The puff of frost hits you!
* * * LOW HITPOINT WARNING * * *
Natasha claws you.
* * * LOW HITPOINT WARNING * * *
The crimson imp closely misses you. Natasha closely misses you.
You block the white imp's attack.
The crimson imp blinks!
The white imp gestures at you. The puff of frost hits you!
You die...

#........# ...
#........#
....#######..#####
.............#
............#
#..........#
#..........#
#........).#
#.....@[.#.#
#...§h...#>..
#....5...#####
#.?....5....#
##.....#....#
#..$..#....#
.......?...#
#....##.....#
#.#)## ......


You could see Natasha, a crimson imp and a white imp.

Vanquished Creatures
  3 adders
  2 worms (D:2)
  2 dart slugs (D:1)
  2 giant geckos (D:1)
  5 bats
  2 giant cockroaches
  5 goblins
  3 hobgoblins
  A quokka (D:2)
  5 kobolds
  7 rats
37 creatures vanquished.

Notes
Turn   | Place    | Note
--------------------------------------------------------------
     0 | D:1      | magog001 the Minotaur Fighter began the quest for the Orb.
     0 | D:1      | Reached XP level 1. HP: 19/19 MP: 0/0
   196 | D:1      | Reached XP level 2. HP: 26/27 MP: 1/1
   441 | D:1      | Reached XP level 3. HP: 28/33 MP: 2/2
   887 | D:2      | Reached skill level 1 in Dodging
   896 | D:2      | Reached XP level 4. HP: 38/40 MP: 3/3
  1004 | D:2      | Noticed Natasha
  1015 | D:2      | Killed from afar by a white imp

Skill      XL: |  1  2  3  4 |
---------------+-------------+-----
Shields        | 4 |  4.4
Fighting       | 4 |  4.2
Axes           | 3 |  3.1
Dodging        | 1 |  1.5
Armour         | 4 |  4.0

Action                   |  1- 3 |  4- 6 || total
-------------------------+-------+-------++-------
Melee: War axe           |    95 |    27 ||   122
       Headbutt          |    12 |     4 ||    16
  Use: Scroll            |       |     1 ||     1
  Eat: Chunk             |       |     1 ||     1
Armor: Scale mail        |    67 |    21 ||    88
Dodge: Dodged            |    35 |    12 ||    47
Block: Shield            |    66 |    16 ||    82
